 Dungeon Crawl Stone Soup version 0.30-a0-168-g0b976cbdc4 (webtiles) character file.

Game seed: 16258505863625812254

10793 qw the Cleaver (level 11, -1/71 HPs)
             Began as a Gargoyle Fighter on Sept 29, 2022.
             Was an Elder of Okawaru.
             Slain by a yak (12 damage)
             ... on level 1 of the Lair of Beasts.
             The game lasted 00:04:27 (11338 turns).

qw the Cleaver (Gargoyle Fighter)                  Turns: 11338, Time: 00:04:28

Health: -1/71      AC: 31    Str: 24    XL:     11   Next: 67%
Magic:  15/15      EV:  9    Int:  9    God:    Okawaru [****..]
Gold:   526        SH:  6    Dex: 12    Spells: 10/10 levels left

rFire   . . .      SeeInvis +    Y - +5 war axe
rCold   . . .      Faith    .    c - +0 buckler
rNeg    + + .      Spirit   .    n - +0 plate armour
rPois   inf        Reflect  .    (no helmet)
rElec   +          Harm     .    j - +1 cloak "Pattam" {Dex+3 SInv}
rCorr   .          Rampage  .    l - +1 pair of gloves
Will    .....                    m - +1 pair of boots
Stlth   ..........               (no amulet)
HPRegen 0.21/turn                k - ring of positive energy
MPRegen 0.14/turn                (no ring)

@: about to teleport, heroic, slowed, very slow
A: sickness immunity, AC +8, negative energy resistance 1, electricity
resistance, torment resistance 1, petrification resistance
a: Renounce Religion, Heroism, Finesse


You were on level 1 of the Lair of Beasts.
You worshipped Okawaru.
Okawaru was greatly pleased with you.
You visited 3 branches of the dungeon, and saw 11 of its levels.
You also visited: Sewer.

You collected 526 gold pieces.


Innate Abilities, Weirdness & Mutations

You are immune to sickness and miasma.
Your stone body is resilient. (AC +8)
You are immune to poison.
You resist negative energy. (rN+)
You are resistant to electric shocks. (rElec)
You are resistant to unholy torment.
You are immune to petrification.


   Skills:
 - Level 9.2(14.2) Fighting
 + Level 11.6(16.6) Axes
 - Level 3.0(8.0) Throwing
 - Level 8.0(13.0) Armour
 - Level 2.1(7.1) Dodging
 - Level 5.2(10.2) Shields
 + Level 6.3 Invocations


You had 10 spell levels left.
You didn't know any spells.
Your spell library was empty.

Inventory:

Hand Weapons
 b - a +0 flail
 Y - a +5 war axe (weapon)
Armour
 c - a +0 buckler (worn)
 j - the +1 cloak "Pattam" (worn) {Dex+3 SInv}
   (You acquired it on level 7 of the Dungeon)

   Dex:       It affects your dexterity (+3).
   SInv:      It lets you see invisible.
 l - a +1 pair of gloves (worn)
 m - a +1 pair of boots (worn)
 n - a +0 plate armour (worn)
Jewellery
 f - a ring of ice
 k - a ring of positive energy (left hand)
Scrolls
 a - 2 scrolls of identify
 g - 6 scrolls of teleportation
Potions
 d - 5 potions of might
 e - 2 potions of attraction
 h - a potion of lignification
 i - 2 potions of heal wounds
 p - 5 potions of curing
 q - a potion of haste
 t - a potion of resistance

Dungeon Overview and Level Annotations

Branches:
Dungeon (9/15)             Temple (1/1) D:6            Lair (1/5) D:9
    Orc (0/2) D:9           Sewer (visited)

Altars:
Ashenzari
Cheibriados
Dithmenos
Elyvilon
Fedhas
Gozag
Hepliaklqana
Kikubaaqudgha
Makhleb
Nemelex Xobeh
Okawaru
Qazlal
Ru
Sif Muna
Trog
Uskayaw
Vehumet
Wu Jian
Xom
Yredelemnul
Zin
The Shining One

Annotations:
D:3 2 transporters


Message History

You hit the yak. You slash the yak! You completely miss the black mamba.
The black mamba bites you but does no damage.
You block the yak's attack.
The yak gores you but does no damage. x2
The black mamba barely misses you.
You slice the yak!!
You kill the yak!
Okawaru accepts your kill.
You slash the yak! x2; You slash the black mamba!
You hit the yak. You closely miss the yak. You barely miss the yak.
You block the black mamba's attack. The yak barely misses you.
The yak gores you but does no damage. The yak closely misses you.
The yak gores you but does no damage.
You barely miss the yak.
The yak is severely wounded.
You hit the yak. You slash the yak! You closely miss the yak.
You hit the black mamba. You slash the yak! The black mamba misses you.
The black mamba barely misses you.
The yak barely misses you. x2; You block the yak's attack.
The yak barely misses you. You block the yak's attack.
The black mamba bites you! The yak gores you but does no damage.
The yak completely misses you.
The yak gores you but does no damage. x2
The yak barely misses you. The yak gores you but does no damage.
You slash the yak!
You kill the yak!
Okawaru accepts your kill.
You slash the yak! You hit the black mamba. You hit the yak. x2
You slash the yak!
You kill the yak!
Okawaru accepts your kill.
You barely miss the yak.
The black mamba bites you but does no damage.
The black mamba misses you.
The yak gores you. x2; The yak gores you!
The yak gores you but does no damage.
11338 ||| READING 7 scrolls of teleportation.
As you read the scroll of teleportation, it crumbles to dust.
You feel strangely unstable.
The black mamba bites you but does no damage.
You block the black mamba's attack. The yak gores you but does no damage.
The yak gores you. The yak gores you but does no damage. The yak gores you!
You die...

..#..... ...#
......#....#
P....#....# .
#.........# .
##.###....#.... ..
............##+.##
.......<%.........
.........YYS......
.........%@Yw.(...
###.......YY..(...
##.......####.##
+.......#
#.......#
..........
.#.......##
#.......#


You could see a torpor snail, a black mamba and 5 yaks.

Vanquished Creatures
  Gastronok (D:8)
  A two-headed ogre (D:8)
  Pikel (D:6)
  Maurice (D:9)
  Maggie (D:9)
  Psyche (D:8)
  A cane toad (Lair:1)
  2 trolls (D:9)
  A wyvern (D:7)
  5 yaks (Lair:1)
  5 steam dragons
  A water moccasin (D:5)
  A sky beast (D:6)
  4 ice beasts
  5 orc warriors
  3 black bears (D:9)
  4 ogres
  4 centaurs
  A phantom (D:5)
  8 kobold brigands
  10 bullfrogs
  4 gnoll sergeants (D:9)
  2 necrophages
  6 scorpions
  6 killer bees (D:9)
  5 howler monkeys
  A quasit (D:7)
  4 orc priests
  6 hounds
  3 gnoll boudas
  Ijyb (D:4)
  6 iguanas
  4 orc wizards
  9 adders
  30 gnolls
  6 river rats
  5 shadow imps
  4 white imps (D:7)
  2 ufetubi (D:7)
  3 dart slugs
  20 orcs
  8 bats
  5 endoplasms
  6 giant cockroaches
  5 goblins
  8 hobgoblins
  8 jackals
  4 quokkas
  10 ball pythons
  7 frilled lizards
  20 kobolds
  14 rats
283 creatures vanquished.

Vanquished Creatures (others)
  A butterfly (D:5)
  A demonic plant (D:7)
  27 fungi
  20 plants
49 creatures vanquished.

Grand Total: 332 creatures vanquished

Notes
Turn   | Place    | Note
-------+----------+-------------------------------------------
     0 | D:1      | qw the Gargoyle Fighter began the quest for the Orb.
     0 | D:1      | Reached XP level 1. HP: 14/14 MP: 1/1
     0 | D:1      | 0 ||| qw: Version: 0.2-a-12-gaebbb33
     0 | D:1      | 0 ||| qw: Game counter: 1203
     0 | D:1      | 0 ||| qw: Always use a shield: true
     0 | D:1      | 0 ||| qw: God list: Okawaru
     0 | D:1      | 0 ||| qw: Allow faded altars: false
     0 | D:1      | 0 ||| qw: Do Orc after D:15 true
     0 | D:1      | 0 ||| qw: Do second Lair branch before Depths: true
     0 | D:1      | 0 ||| qw: Lair rune preference: random
     0 | D:1      | 0 ||| qw: Plans: Normal, Zot:1-4, God:TSO, Crypt, Tomb,
                  | Pan, Slime:5, Hells, Abyss, Orb
     0 | D:1      | 0 ||| PLANNING D:1-11
   140 | D:1      | Reached skill level 2 in Axes
   200 | D:1      | 200 ||| Stepping ~*~*~tactically~*~*~ (stealth).
   229 | D:1      | Reached XP level 2. HP: 19/19 MP: 2/2
   658 | D:1      | Reached skill level 3 in Axes
   754 | D:1      | 754 ||| DROPPING +0 club.
   760 | D:1      | Reached XP level 3. HP: 20/23 MP: 3/3
   957 | D:1      | 957 ||| UPGRADING to +0 pair of boots.
   962 | D:1      | 962 ||| UPGRADING to +0 plate armour.
   972 | D:1      | 972 ||| DROPPING +0 scale mail.
   973 | D:1      | 973 ||| READING scroll labelled DUOLUL VOFO WEA.
   977 | D:1      | 977 ||| READING scroll labelled JEOCUA POSKEUZ.
   978 | D:1      | 978 ||| READING scroll labelled SITHRA DANULI.
   979 | D:1      | 979 ||| READING scroll labelled BUCHIU HEDGHAS.
  1072 | D:2      | 1072 ||| READING scroll of enchant armour.
  1072 | D:2      | 1072 ||| ENCHANTING +0 pair of boots.
  1113 | D:2      | Found a faded altar of an unknown god.
  1532 | D:2      | Reached XP level 4. HP: 28/28 MP: 4/4
  1684 | D:2      | 1684 ||| UPGRADING to +0 cloak.
  1689 | D:2      | 1689 ||| DROPPING amulet of magic regeneration.
  1690 | D:2      | 1690 ||| DROPPING amulet of faith.
  1691 | D:2      | 1691 ||| READING scroll labelled ODAGRI LIWIA.
  1692 | D:2      | 1692 ||| READING scroll labelled TABIME TUZO.
  1693 | D:2      | 1693 ||| READING scroll labelled JOETRO OLOQAQU.
  1741 | D:2      | 1741 ||| READING 2 scrolls labelled PUOPTO MOTIWOM.
  1742 | D:2      | 1742 ||| DROPPING scroll of fear.
  1907 | D:2      | Reached skill level 4 in Axes
  2114 | D:3      | 2114 ||| DROPPING +0 whip.
  2119 | D:3      | 2119 ||| READING scroll of enchant weapon.
  2119 | D:3      | 2119 ||| ENCHANTING +1 war axe.
  2397 | D:3      | Found a transporter.
  2412 | D:3      | Found a transporter.
  2596 | D:3      | 2596 ||| UPGRADING to +0 pair of gloves.
  2601 | D:3      | 2601 ||| READING 2 scrolls labelled VUKHA YBBIU.
  2602 | D:3      | 2602 ||| DRINKING 2 dark potions.
  2603 | D:3      | 2603 ||| DRINKING 2 orange potions.
  2604 | D:3      | 2604 ||| DRINKING 3 fuming cyan potions.
  2605 | D:3      | 2605 ||| DROPPING scroll of immolation.
  2606 | D:3      | 2606 ||| DROPPING potion of brilliance.
  2607 | D:3      | 2607 ||| DROPPING 2 potions of flight.
  2650 | D:4      | 2650 ||| STAIRDANCE
  2677 | D:4      | Reached XP level 5. HP: 32/32 MP: 5/5
  2831 | D:4      | Reached skill level 5 in Axes
  2837 | D:4      | 2837 ||| Stepping ~*~*~tactically~*~*~ (stealth).
  2924 | D:4      | Reached XP level 6. HP: 33/38 MP: 6/6
  2983 | D:4      | 2983 ||| Stepping ~*~*~tactically~*~*~ (stealth).
  3016 | D:4      | 3016 ||| READING 3 scrolls of enchant weapon.
  3016 | D:4      | 3016 ||| ENCHANTING +2 war axe.
  3017 | D:4      | 3017 ||| READING 2 scrolls of enchant weapon.
  3017 | D:4      | 3017 ||| ENCHANTING +3 war axe.
  3018 | D:4      | 3018 ||| READING scroll of enchant weapon.
  3018 | D:4      | 3018 ||| ENCHANTING +4 war axe.
  3047 | D:4      | 3047 ||| Stepping ~*~*~tactically~*~*~ (stealth).
  3451 | D:4      | Noticed Ijyb
  3452 | D:4      | 3452 ||| Stepping ~*~*~tactically~*~*~ (hiding).
  3460 | D:4      | Killed Ijyb
  3542 | D:4      | 3542 ||| READING scroll labelled VATZA OQOL.
  3543 | D:4      | 3543 ||| READING scroll labelled YXYVIO IGROYCW.
  3544 | D:4      | 3544 ||| DRINKING 3 purple potions.
  3577 | D:5      | Entered Level 5 of the Dungeon
  3578 | D:5      | 3578 ||| PLANNING OSSUARY
  3594 | D:5      | Reached skill level 6 in Axes
  3677 | D:5      | Reached XP level 7. HP: 35/43 MP: 7/7
  3752 | D:5      | 3752 ||| DROPPING +2 whip of venom.
  3754 | D:5      | 3754 ||| Stepping ~*~*~tactically~*~*~ (hiding).
  3879 | D:5      | 3879 ||| Stepping ~*~*~tactically~*~*~ (hiding).
  4046 | D:5      | Reached skill level 7 in Axes
  4217 | D:5      | Found a sand-covered staircase.
  4218 | D:5      | 4218 ||| DRINKING 3 blue potions.
  4219 | D:5      | 4219 ||| DRINKING 2 bubbling red potions.
  4324 | D:5      | 4324 ||| DROPPING potion of berserk rage.
  4399 | D:5      | 4399 ||| RIP OSSUARY
  4399 | D:5      | 4399 ||| PLANNING D:1-11
  4509 | D:5      | Reached XP level 8. HP: 49/49 MP: 8/8
  4566 | D:5      | 4566 ||| Stepping ~*~*~tactically~*~*~ (stealth).
  4626 | D:5      | Found a white marble altar of Elyvilon.
  4627 | D:5      | 4627 ||| Stepping ~*~*~tactically~*~*~ (hiding).
  4901 | D:6      | 4901 ||| PLANNING SEWER
  4906 | D:6      | Reached skill level 1 in Throwing
  4995 | D:6      | Found a staircase to the Ecumenical Temple.
  4996 | D:6      | 4996 ||| Stepping ~*~*~tactically~*~*~ (stealth).
  5002 | D:6      | 5002 ||| Stepping ~*~*~tactically~*~*~ (stealth).
  5010 | D:6      | 5010 ||| Stepping ~*~*~tactically~*~*~ (stealth).
  5107 | D:6      | 5107 ||| Stepping ~*~*~tactically~*~*~ (hiding).
  5199 | D:6      | 5199 ||| Stepping ~*~*~tactically~*~*~ (stealth).
  5265 | D:6      | 5265 ||| Stepping ~*~*~tactically~*~*~ (stealth).
  5269 | D:6      | Reached skill level 8 in Axes
  5272 | D:6      | 5272 ||| FLEEEEING.
  5273 | D:6      | 5273 ||| FLEEEEING.
  5274 | D:6      | 5274 ||| FLEEEEING.
  5275 | D:6      | 5275 ||| FLEEEEING.
  5276 | D:6      | 5276 ||| FLEEEEING.
  5277 | D:6      | 5277 ||| FLEEEEING.
  5278 | D:6      | 5278 ||| FLEEEEING.
  5279 | D:6      | 5279 ||| FLEEEEING.
  5280 | D:6      | 5280 ||| FLEEEEING.
  5281 | D:6      | 5281 ||| FLEEEEING.
  5282 | D:6      | 5282 ||| FLEEEEING.
  5283 | D:6      | 5283 ||| FLEEEEING.
  5284 | D:6      | 5284 ||| FLEEEEING.
  5285 | D:6      | 5285 ||| FLEEEEING.
  5286 | D:6      | 5286 ||| FLEEEEING.
  5287 | D:6      | 5287 ||| FLEEEEING.
  5288 | D:6      | 5288 ||| FLEEEEING.
  5289 | D:6      | 5289 ||| FLEEEEING.
  5290 | D:6      | 5290 ||| FLEEEEING.
  5291 | D:6      | 5291 ||| FLEEEEING.
  5292 | D:6      | 5292 ||| FLEEEEING.
  5293 | D:6      | 5293 ||| FLEEEEING.
  5294 | D:6      | 5294 ||| FLEEEEING.
  5295 | D:6      | 5295 ||| FLEEEEING.
  5296 | D:6      | 5296 ||| FLEEEEING.
  5297 | D:6      | 5297 ||| FLEEEEING.
  5298 | D:6      | 5298 ||| FLEEEEING.
  5299 | D:6      | 5299 ||| FLEEEEING.
  5300 | D:6      | 5300 ||| FLEEEEING.
  5301 | D:6      | 5301 ||| FLEEEEING.
  5302 | D:6      | 5302 ||| FLEEEEING.
  5303 | D:6      | 5303 ||| FLEEEEING.
  5304 | D:6      | 5304 ||| FLEEEEING.
  5305 | D:6      | 5305 ||| FLEEEEING.
  5347 | D:6      | Identified the +1 robe of Freedom {Rampage}
  5414 | D:6      | Reached XP level 9. HP: 55/55 MP: 9/9
  5447 | D:6      | Reached skill level 6 in Fighting
  5463 | D:6      | 5463 ||| Stepping ~*~*~tactically~*~*~ (stealth).
  5540 | D:6      | Found a glowing drain.
  5549 | Sewer    | Entered a sewer
  5557 | Sewer    | 5557 ||| Stepping ~*~*~tactically~*~*~ (stealth).
  5578 | Sewer    | 5578 ||| Stepping ~*~*~tactically~*~*~ (water).
  6112 | Sewer    | 6112 ||| READING scroll labelled VEATELEDOKH.
  6157 | D:6      | 6157 ||| PLANNING TEMPLE
  6208 | Temple   | Entered the Ecumenical Temple
  6210 | Temple   | 6210 ||| PLANNING OKAWARU WORSHIP
  6750 | Temple   | Became a worshipper of Warmaster Okawaru
  6751 | Temple   | 6751 ||| PLANNING D:1-11
  6776 | D:6      | 6776 ||| Stepping ~*~*~tactically~*~*~ (stealth).
  6778 | D:6      | 6778 ||| Stepping ~*~*~tactically~*~*~ (hiding).
  6878 | D:6      | Reached skill level 9 in Axes
  7091 | D:6      | 7091 ||| Stepping ~*~*~tactically~*~*~ (stealth).
  7092 | D:6      | Noticed Pikel
  7094 | D:6      | 7094 ||| Stepping ~*~*~tactically~*~*~ (stealth).
  7105 | D:6      | Killed Pikel
  7105 | D:6      | Reached * piety under Okawaru
  7106 | D:6      | Reached skill level 6 in Armour
  7295 | D:7      | 7295 ||| Stepping ~*~*~tactically~*~*~ (stealth).
  7297 | D:7      | 7297 ||| Stepping ~*~*~tactically~*~*~ (hiding).
  7314 | D:7      | 7314 ||| Stepping ~*~*~tactically~*~*~ (hiding).
  7358 | D:7      | Reached skill level 1 in Invocations
  7464 | D:7      | 7464 ||| Stepping ~*~*~tactically~*~*~ (stealth).
  7554 | D:7      | 7554 ||| Stepping ~*~*~tactically~*~*~ (hiding).
  7555 | D:7      | 7555 ||| FLEEEEING.
  7556 | D:7      | 7556 ||| FLEEEEING.
  7560 | D:7      | 7560 ||| Stepping ~*~*~tactically~*~*~ (hiding).
  7703 | D:7      | 7703 ||| Stepping ~*~*~tactically~*~*~ (hiding).
  7710 | D:7      | 7710 ||| Stepping ~*~*~tactically~*~*~ (stealth).
  7711 | D:7      | 7711 ||| Stepping ~*~*~tactically~*~*~ (stealth).
  7722 | D:7      | 7722 ||| Stepping ~*~*~tactically~*~*~ (stealth).
  7728 | D:7      | Reached ** piety under Okawaru
  7729 | D:7      | Reached skill level 3 in Invocations
  7761 | D:7      | 7761 ||| INVOKING Heroism.
  7776 | D:7      | 7776 ||| INVOKING Heroism.
  7789 | D:7      | 7789 ||| FLEEEEING.
  7790 | D:7      | 7790 ||| FLEEEEING.
  7791 | D:7      | 7791 ||| FLEEEEING.
  7848 | D:7      | Reached XP level 10. HP: 63/63 MP: 11/13
  7992 | D:7      | 7992 ||| Stepping ~*~*~tactically~*~*~ (stealth).
  7994 | D:7      | 7994 ||| Stepping ~*~*~tactically~*~*~ (stealth).
  7995 | D:7      | 7995 ||| Stepping ~*~*~tactically~*~*~ (stealth).
  8386 | D:7      | 8386 ||| READING scroll labelled XANOTE VOSO.
  8386 | D:7      | Identified a scroll of acquirement
  8386 | D:7      | 8386 ||| ACQUIRING +1 cloak "Pattam" {Dex+3 SInv}
  8386 | D:7      | Acquired the +1 cloak "Pattam" {Dex+3 SInv}
  8388 | D:7      | 8388 ||| UPGRADING to +1 cloak "Pattam" {Dex+3 SInv}.
  8398 | D:7      | 8398 ||| DROPPING +0 cloak.
  8399 | D:7      | 8399 ||| DRINKING 2 golden potions.
  8400 | D:7      | 8400 ||| READING 4 scrolls of identify.
  8400 | D:7      | 8400 ||| IDENTIFYING fuming dark potion
  8401 | D:7      | 8401 ||| READING 3 scrolls of identify.
  8401 | D:7      | 8401 ||| IDENTIFYING lumpy amethyst potion
  8402 | D:7      | 8402 ||| READING 2 scrolls of identify.
  8402 | D:7      | 8402 ||| IDENTIFYING clear potion
  8403 | D:7      | 8403 ||| DROPPING potion of ambrosia.
  8404 | D:7      | 8404 ||| DROPPING potion of degeneration.
  8447 | D:8      | Noticed Psyche
  8448 | D:8      | 8448 ||| INVOKING Heroism.
  8449 | D:8      | 8449 ||| FLEEEEING.
  8456 | D:8      | 8456 ||| STAIRDANCE
  8567 | D:8      | 8567 ||| Stepping ~*~*~tactically~*~*~ (hiding).
  8568 | D:8      | 8568 ||| INVOKING Heroism.
  8573 | D:8      | Killed Psyche
  8626 | D:8      | 8626 ||| INVOKING Heroism.
  8628 | D:8      | 8628 ||| Stepping ~*~*~tactically~*~*~ (cloud).
  8755 | D:8      | Reached skill level 10 in Axes
  8954 | D:8      | Noticed a two-headed ogre
  8955 | D:8      | 8955 ||| INVOKING Heroism.
  8963 | D:8      | Killed a two-headed ogre
  9000 | D:8      | Noticed Gastronok
  9001 | D:8      | 9001 ||| FLEEEEING.
  9002 | D:8      | 9002 ||| FLEEEEING.
  9003 | D:8      | 9003 ||| FLEEEEING.
  9004 | D:8      | 9004 ||| FLEEEEING.
  9005 | D:8      | 9005 ||| FLEEEEING.
  9006 | D:8      | 9006 ||| FLEEEEING.
  9007 | D:8      | 9007 ||| FLEEEEING.
  9008 | D:8      | 9008 ||| FLEEEEING.
  9009 | D:8      | 9009 ||| FLEEEEING.
  9010 | D:8      | 9010 ||| FLEEEEING.
  9012 | D:8      | 9012 ||| FLEEEEING.
  9013 | D:8      | 9013 ||| FLEEEEING.
  9014 | D:8      | 9014 ||| FLEEEEING.
  9015 | D:8      | 9015 ||| FLEEEEING.
  9016 | D:8      | 9016 ||| FLEEEEING.
  9026 | D:8      | 9026 ||| FLEEEEING.
  9032 | D:8      | 9032 ||| FLEEEEING.
  9033 | D:8      | 9033 ||| FLEEEEING.
  9034 | D:8      | 9034 ||| FLEEEEING.
  9041 | D:8      | 9041 ||| FLEEEEING.
  9042 | D:8      | 9042 ||| FLEEEEING.
  9043 | D:8      | 9043 ||| STAIRDANCE
  9122 | D:7      | 9122 ||| READING scroll labelled MUTURE QARIGH.
  9123 | D:7      | 9123 ||| READING 2 scrolls of identify.
  9123 | D:7      | 9123 ||| IDENTIFYING viscous brown potion
  9124 | D:7      | 9124 ||| DROPPING potion of invisibility.
  9258 | D:8      | 9258 ||| Stepping ~*~*~tactically~*~*~ (hiding).
  9269 | D:8      | 9269 ||| INVOKING Heroism.
  9285 | D:8      | 9285 ||| INVOKING Heroism.
  9286 | D:8      | HP: 4/63 [Gastronok (22)]
  9287 | D:8      | 9287 ||| READING 8 scrolls of teleportation.
  9288 | D:8      | 9288 ||| DRINKING 2 potions of heal wounds.
  9289 | D:8      | Killed Gastronok
  9289 | D:8      | Reached *** piety under Okawaru
  9290 | D:8      | Reached skill level 9 in Fighting
  9476 | D:8      | Identified the +5 sling of Blind Justice {vorpal, rElec
                  | Str+4 Stlth+}
  9477 | D:8      | 9477 ||| INVOKING Heroism.
  9490 | D:8      | Reached skill level 3 in Throwing
  9509 | D:8      | 9509 ||| Stepping ~*~*~tactically~*~*~ (stealth).
  9574 | D:8      | 9574 ||| INVOKING Heroism.
  9575 | D:8      | 9575 ||| Stepping ~*~*~tactically~*~*~ (cloud).
  9593 | D:8      | Reached XP level 11. HP: 60/71 MP: 14/14
  9593 | D:8      | 9593 ||| Stepping ~*~*~tactically~*~*~ (cloud).
  9747 | D:8      | 9747 ||| UPGRADING to ring of positive energy.
  9748 | D:8      | 9748 ||| READING 2 scrolls of identify.
  9748 | D:8      | 9748 ||| IDENTIFYING black potion
  9782 | D:9      | 9782 ||| INVOKING Heroism.
  9808 | D:9      | 9808 ||| INVOKING Heroism.
  9926 | D:9      | Noticed Maggie
  9927 | D:9      | 9927 ||| Stepping ~*~*~tactically~*~*~ (hiding).
  9933 | D:9      | 9933 ||| INVOKING Heroism.
  9956 | D:9      | Killed Maggie
 10129 | D:9      | 10129 ||| INVOKING Heroism.
 10200 | D:9      | 10200 ||| INVOKING Heroism.
 10251 | D:9      | 10251 ||| Stepping ~*~*~tactically~*~*~ (stealth).
 10259 | D:9      | Reached **** piety under Okawaru
 10267 | D:9      | 10267 ||| INVOKING Heroism.
 10284 | D:9      | Reached skill level 11 in Axes
 10315 | D:9      | Noticed Maurice
 10316 | D:9      | 10316 ||| FLEEEEING.
 10317 | D:9      | 10317 ||| FLEEEEING.
 10322 | D:9      | 10322 ||| STAIRDANCE
 10442 | D:8      | 10442 ||| DROPPING ring of wizardry.
 10452 | D:9      | Paralysed by Maurice for 5 turns
 10469 | D:9      | Killed Maurice
 10491 | D:9      | 10491 ||| INVOKING Heroism.
 10493 | D:9      | 10493 ||| Stepping ~*~*~tactically~*~*~ (hiding).
 10627 | D:9      | 10627 ||| READING scroll of enchant armour.
 10627 | D:9      | 10627 ||| ENCHANTING +0 pair of gloves.
 10829 | D:9      | Found a staircase to the Orcish Mines.
 10830 | D:9      | 10830 ||| Stepping ~*~*~tactically~*~*~ (hiding).
 10834 | D:9      | 10834 ||| INVOKING Heroism.
 10836 | D:9      | Received a gift from Okawaru
 10873 | D:9      | 10873 ||| INVOKING Heroism.
 11189 | D:9      | Found a staircase to the Lair.
 11190 | D:9      | 11190 ||| INVOKING Heroism.
 11260 | D:9      | 11260 ||| PLANNING LAIR
 11260 | D:9      | 11260 ||| READING scroll labelled HULICI XOF.
 11300 | Lair:1   | Entered Level 1 of the Lair of Beasts
 11301 | Lair:1   | 11301 ||| INVOKING Heroism.
 11333 | Lair:1   | Reached skill level 6 in Invocations
 11337 | Lair:1   | HP: 13/71 [yak (10)]
 11338 | Lair:1   | 11338 ||| READING 7 scrolls of teleportation.
 11338 | Lair:1   | Slain by a yak

Levels and vault maps discovered:
D:1:      minmay_arrival_arboretum_small, layout_basic, serial_forest,
          infiniplex_forest_lined_3, infiniplex_forest_zigzag_1,
          infiniplex_forest_end_3, infiniplex_forest_straight_2,
          infiniplex_forest_end_2, minmay_small_reverse_x
D:2:      layout_loops_cross, nicolae_ecumenical_oubliette, minmay_tromino_mix6
D:3:      gammafunk_steamed_eel, layout_basic
D:4:      layout_basic, uniq_ijyb
D:5:      layout_loops_ring, nicolae_elyvilon_peaceful_grove, serial_aquarium,
          aquarium_bridge_square [aquarium_subvault_bridge,
          aquarium_subvault_balcony, aquarium_subvault_bridge,
          aquarium_subvault_bridge], aquarium_bridge_square
          [aquarium_subvault_bridge, aquarium_subvault_bridge,
          aquarium_subvault_window, aquarium_subvault_bridge],
          aquarium_window_3, aquarium_window_1, aquarium_window_fake,
          aquarium_view_2c, aquarium_view_2d, aquarium_pool_side,
          nicolae_ossuary_entry_plus
D:6:      layout_cave_pods, minmay_temple_entry_water_ring,
          portal_sewer_entry_e, uniq_pikel
D:7:      layout_basic, serial_demonic, serial_demonic_a, serial_demonic_d,
          serial_demonic_c, serial_demonic_e, dreamdust_gnoll_farm
D:8:      kennysheep_steamy, layout_cave_pools, uniq_psyche, uniq_gastronok
D:9:      layout_grid_maze, grunt_lair_entry_orc_guard_hut,
          kennysheep_orc_monster_closet_entryway, serial_glass, glass_columns_c,
          glass_columns_a, feat_on_display, minmay_strange_pillars, uniq_maggie,
          uniq_maurice
Temple:   compressed_dpeg_triangle_lava_temple
Lair:1:   layout_regular_city, grunt_megastairs_3, infiniplex_staircase_pool,
          serial_bayou_shore_a

Skill      XL: |  1  2  3  4  5  6  7  8  9 10 11 |
---------------+----------------------------------+-----
Axes           | 2 3 4 5 6 7 8 9 10 11 | 11.6
Fighting       | 4 5 7 9 |  9.2
Armour         | 4 5 6 8 |  8.0
Dodging        | 2 |  2.1
Throwing       | 2 3 |  3.0
Invocations    | 4 6 |  6.3
Shields        | 4 5 |  5.2

Action                   |  1- 3 |  4- 6 |  7- 9 | 10-12 || total
-------------------------+-------+-------+-------+-------++-------
Melee: War axe           |   105 |   108 |   300 |   280 ||   793
Throw: Javelin           |       |       |    46 |    19 ||    65
Invok: Heroism           |       |       |     2 |    19 ||    21
  Use: Scroll            |     5 |    11 |     1 |    11 ||    28
       Potion            |       |     4 |     2 |     2 ||     8
Armor: Scale mail        |    33 |       |       |       ||    33
       Plate armour      |    30 |    80 |   198 |   198 ||   506
Dodge: Dodged            |    42 |    28 |   106 |   135 ||   311
Block: Buckler           |    17 |     8 |    51 |    96 ||   172

Table legend:
 A = Non-vault XP
 B = Vault XP
 C = Vault XP percentage of total XP
 D = Non-vault monster count
 E = Vault monster count
 F = Vault count percentage of total count
                 A         B        C        D         E       F
            +---------+---------+-------+---------+---------+-------
      Total |    9107 |    6312 |  40.9 |     197 |      86 |  30.4
            +---------+---------+-------+---------+---------+-------
        D:1 |      25 |      10 |  28.6 |      16 |       4 |  20.0
        D:2 |      50 |      16 |  24.2 |      17 |       3 |  15.0
        D:3 |      30 |       0 |   0.0 |      17 |       0 |   0.0
        D:4 |     346 |      36 |   9.4 |      18 |       1 |   5.3
        D:5 |    1026 |       0 |   0.0 |      25 |       0 |   0.0
        D:6 |    1139 |     630 |  35.6 |      33 |       9 |  21.4
        D:7 |    1239 |     236 |  16.0 |      17 |      15 |  46.9
        D:8 |    2040 |    2215 |  52.1 |      13 |       4 |  23.5
        D:9 |    1726 |    2879 |  62.5 |      34 |      27 |  44.3
     Lair:1 |    1486 |       0 |   0.0 |       7 |       0 |   0.0
      Sewer |       0 |     290 | 100.0 |       0 |      23 | 100.0
            +---------+---------+-------+---------+---------+-------
